 Dungeon Crawl Stone Soup version 0.27.0-1-g7a089689b8 (webtiles) character file.

Game seed: 391236237336825911

112 Gunterle the Skirmisher (level 5, -5/41 HPs)
             Began as a Djinni Monk on Aug 6, 2021.
             Slain by an ogre (20 damage)
             ... on level 2 of the Dungeon.
             The game lasted 00:12:07 (3200 turns).

Gunterle the Skirmisher (Djinni Monk)               Turns: 3200, Time: 00:12:08

Health: -5/41      AC:  2    Str: 11    XL:     5   Next: 16%
Gold:   47         EV: 13    Int: 11    God:
                   SH:  0    Dex: 16

rFire    + + .     SeeInvis .   a - +0 falchion
rCold    x . .     Faith    .   (no shield)
rNeg     . . .     Spirit   .   b - +0 robe
rPois    ∞         Reflect  .   (helmet currently unavailable)
rElec    .         Harm     .   (no cloak)
rCorr    .         Rampage  .   (no gloves)
Will     .....                  (boots unavailable)
Stlth    ++........             (no amulet)
HPRegen  0.13/turn              (no ring)
MPRegen  0.00/turn              (no ring)

@: appendages (expiring), flying
A: horns 2, flying, sickness immunity, fire resistance 2, cold vulnerability 1,
float, innate caster, hp casting, extra vitality 1
a: End Transformation


You were on level 2 of the Dungeon.
You had temporarily grown beastly horns.
You visited 1 branch of the dungeon, and saw 3 of its levels.

You collected 164 gold pieces.
You spent 117 gold pieces at shops.

Inventory:

Hand Weapons
 a - a +0 falchion (weapon)
 j - a +0 dagger of venom
 l - a +0 short sword of draining
Missiles
 d - 57 stones
 h - 35 sling bullets
 i - 78 bolts
 q - 7 boomerangs
 r - 19 poisoned darts (quivered)
Armour
 b - a +0 robe (worn)
 f - a +1 helmet (melded)
 s - a +0 leather armour
Magical Staves
 v - a staff of poison
Scrolls
 c - a scroll of fear {unknown}
 e - 2 scrolls of enchant armour
 g - a scroll of summoning {unknown}
 k - a scroll of identify {unknown}
 n - a scroll of vulnerability
 o - a scroll of immolation
 p - a scroll of teleportation
 t - a scroll of enchant weapon {unknown}
 u - a scroll of blinking {unknown}
Potions
 m - 2 potions of magic {unknown}


   Skills:
 * Level 4.1 Fighting
 * Level 3.7 Long Blades
 + Level 0.4 Armour
 - Level 3.8 Dodging
 - Level 1.6 Stealth
 + Level 0.3 Spellcasting


You had one spell level left.
You knew the following spells:

 Your Spells              Type           Power      Damage    Failure   Level
a - Beastly Appendage     Tmut           0%         N/A       30%         1
b - Slow                  Hex            0%         N/A       41%         2
Your spell library was empty.

Dungeon Overview and Level Annotations

Branches:
Dungeon (3/15)

Altars:

Shops:
D:1 *   D:3 [

Annotations:
D:3 1 runed translucent door, mokwee's ghost, weakling OpVM


Innate Abilities, Weirdness & Mutations

You have temporarily grown beastly horns.
You are flying.
You are immune to sickness and miasma.
You are immune to poison.
Your flesh is very heat resistant. (rF++)
You are vulnerable to cold. (rC-)
You float through the air rather than walking.
You learn spells naturally, not from books.
Your magical power is your life essence.
You have superior vitality. (+4 HP)


Message History

The jackal bites you. The jackal barely misses you.
You closely miss the jackal. The jackal bites you.
The jackal closely misses you.
You riposte.
You hit the jackal.
The jackal is heavily wounded.
You barely miss the jackal.
The jackal is heavily wounded.
The jackal barely misses you.
You closely miss the jackal.
The jackal is heavily wounded.
The jackal misses you.
You riposte.
You hit the jackal.
The jackal is severely wounded.
The jackal misses you.
You riposte.
You completely miss the jackal.
The jackal is severely wounded.
You hit the jackal.
You kill the jackal!
No target in view!
No target in view!
There is a stone staircase leading up here.
A hobgoblin comes into view.
Casting: Beastly Appendage (safe; 30% risk of failure)
Confirm with . or Enter, or press ? or * to list all spells.
You grow a pair of large bovine horns.
Your +1 helmet melds into your body.
The ogre shouts!
The hobgoblin misses you.
You riposte.
You barely miss the hobgoblin. You headbutt the hobgoblin.
The hobgoblin is moderately wounded.
You hit the hobgoblin.
You kill the hobgoblin!
Your horns disappear.
Your +1 helmet unmelds from your body.
There is a stone staircase leading up here.
Casting: Beastly Appendage (safe; 30% risk of failure)
Confirm with . or Enter, or press ? or * to list all spells.
You grow a pair of large bovine horns.
Your +1 helmet melds into your body.
The ogre hits you with a +0 giant club!!
Ouch! That really hurt!
You fly upwards.
There is a stone staircase leading down here.
The ogre hits you with a +0 giant club!!
You die...

#.##.#
#..#.#
##.#.#
#...# ##..#
#..# #..#
#######..#
##.....##@#
#......'O>#
#......####
#......#
#......#
##+#######
#...[....#
#.<......#
#........#


You could see an ogre.

Vanquished Creatures
  4 adders
  A worm (D:2)
  A dart slug (D:1)
  2 orcs (D:3)
  9 endoplasms
  3 giant cockroaches
  5 goblins
  10 hobgoblins
  5 jackals (D:3)
  3 quokkas
  2 ball pythons
  A bat (D:2)
  4 frilled lizards
  5 kobolds
  6 rats
61 creatures vanquished.

Notes
Turn   | Place    | Note
-------+----------+-------------------------------------------
     0 | D:1      | Gunterle the Djinni Monk began the quest for the Orb.
     0 | D:1      | Reached XP level 1. HP: 20/20 MP: 0/0
     6 | D:1      | Noticed a black mamba
     6 | D:1      | Noticed a hound
     7 | D:1      | Noticed a wyvern
   111 | D:1      | Reached XP level 2. HP: 25/25 MP: 0/0
   207 | D:1      | Found Ruothru Mahokk's Assorted Antiques.
   222 | D:1      | Bought a scroll labelled GOLOLIOCIU for 24 gold pieces
   602 | D:1      | Reached XP level 3. HP: 30/30 MP: 0/0
   602 | D:1      | Learned a level 1 spell: Beastly Appendage
  1443 | D:2      | Reached XP level 4. HP: 21/37 MP: 0/0
  1882 | D:1      | Bought a golden potion for 21 gold pieces
  1882 | D:1      | Bought a scroll labelled MIWODIROOS for 24 gold pieces
  2213 | D:3      | Found Igipp's Armour Boutique.
  2223 | D:3      | Found a runed translucent door.
  2223 | D:3      | Noticed mokwee's ghost (weakling OpVM)
  2223 | D:3      | Noticed a bullfrog
  2592 | D:3      | Noticed an ogre
  2684 | D:1      | Bought a scroll labelled TAFYOL MEUHO for 24 gold pieces
  2684 | D:1      | Bought a scroll labelled YHYEHE VECI for 24 gold pieces
  2810 | D:3      | Reached skill level 4 in Fighting
  2993 | D:3      | Reached XP level 5. HP: 35/41 MP: 0/0
  2993 | D:3      | Learned a level 2 spell: Slow
  3200 | D:2      | Slain by an ogre

Illustrated notes

Levels and vault maps discovered:
D:1:      onia_arrival_zoo_common, layout_basic, serial_shops,
          nicolae_lakefront_shop, minmay_misc_feat_secret_circle
D:2:      layout_basic
D:3:      minmay_thinvault, layout_loops_cross, ebering_ghost_inner_flame,
          serial_shops, shop_statue, chequers_avenue, minmay_cupped

Skill      XL: |  1  2  3  4 |
---------------+-------------+-----
Long Blades    | 3 |  3.7
Fighting       | 4 |  4.1
Armour         | |  0.4
Dodging        | |  3.8
Stealth        | |  1.6
Spellcasting   | |  0.3

Action                   |  1- 3 |  4- 6 || total
-------------------------+-------+-------++-------
Melee: Falchion          |    91 |    76 ||   167
       Headbutt          |       |     5 ||     5
Throw: Stone             |     3 |     3 ||     6
       Dart              |       |    10 ||    10
       Boomerang         |       |     4 ||     4
 Cast: Beastly Appendage |       |     7 ||     7
  Use: Scroll            |     1 |     2 ||     3
 Stab: Sleeping          |     3 |     4 ||     7
Armor: Robe              |    25 |    11 ||    36
Dodge: Dodged            |    49 |    56 ||   105
       Rpst.: Falchion   |    25 |    24 ||    49
